 Dungeon Crawl Stone Soup version 0.30-b1-2-g02819fbbbe (webtiles) character file.

Game seed: 10313817157553620952

5138 Flugkiller the Cleaver (level 10, -1/88 HPs)
             Began as a Minotaur Fighter on May 8, 2023.
             Was a High Priest of Okawaru.
             Slain by a wyvern (3 damage)
             ... on level 8 of the Dungeon.
             The game lasted 00:04:26 (7108 turns).

Flugkiller the Cleaver (Minotaur Fighter)           Turns: 7108, Time: 00:04:27

Health: -1/88      AC: 13    Str: 23      XL:     10   Next: 33%
Magic:  13/13      EV:  9    Int:  5      God:    Okawaru [*****.]
Gold:   317        SH:  0    Dex: 10 (12) Spells: 9/9 levels left

rFire   + + .        i - +0 broad axe
rCold   + . .        c - +0 buckler
rNeg    . . .        h - +4 scale mail of the Salamander {Rampage Will- Dex+2}
rPois   .            (helmet restricted)
rElec   .            m - scarf {rC+ rF+}
rCorr   .            g - +0 pair of gloves
SInv    .            (no boots)
Will    .....        (no amulet) Stlth
                     (no ring)
HPRegen 0.34/turn    (no ring)
MPRegen 0.13/turn

%: rampage
@: confused, ambrosia-drunk
A: horns 2, retaliatory headbutt, deterioration 1, fire resistance 1, weak 1
a: Renounce Religion, Heroism, Finesse, Duel


You were on level 8 of the Dungeon.
You worshipped Okawaru.
Okawaru was extremely pleased with you.
You visited 1 branch of the dungeon, and saw 8 of its levels.

You collected 317 gold pieces.

Inventory:

Hand Weapons
 i - a +0 broad axe (weapon)
   (You found it on level 2 of the Dungeon)
Missiles
 e - a throwing net (quivered)
Armour
 c - a +0 buckler (worn)
 g - a +0 pair of gloves (worn)
   (You found it on level 5 of the Dungeon)
 h - the +4 scale mail of the Salamander (worn) {Rampage Will- Dex+2}
   (Okawaru gifted it to you on level 8 of the Dungeon)

   Dex:       It affects your dexterity (+2).
   Rampage:   It bestows one free step when moving towards enemies.
   Will:      It decreases your willpower.
 j - an orb of light
   (You found it on level 5 of the Dungeon)
 m - a scarf of resistance (worn)
   (You found it on level 6 of the Dungeon)
 s - a +2 ring mail of fire resistance
   (You took it off Duvessa on level 6 of the Dungeon)
Wands
 a - a wand of acid (5)
   (You found it on level 8 of the Dungeon)
 f - a wand of paralysis (3)
   (You found it on level 5 of the Dungeon)
Scrolls
 l - a scroll of magic mapping
 n - 2 scrolls of immolation
 r - 2 scrolls of identify
 t - a scroll of teleportation
 v - a scroll of vulnerability {unknown}
Potions
 b - a potion of mutation
 d - a potion of might
 k - a potion of lignification
 p - a potion of cancellation {unknown}
 q - a potion of resistance {unknown}


   Skills:
 + Level 8.2 Fighting
 * Level 10.7 Axes
 + Level 8.1 Armour
 + Level 8.2 Shields
 + Level 5.8 Invocations
 + Level 3.0 Evocations


You had 9 spell levels left.
You didn't know any spells.
Your spell library was empty.

Dungeon Overview and Level Annotations

Branches:
Dungeon (8/15)             Temple (0/1) D:4            Lair (0/5) D:8

Altars:
Okawaru

Shops:
D:6 [


Innate Abilities, Weirdness & Mutations

You have a pair of horns on your head.
You reflexively headbutt those who attack you in melee.
Your body sometimes deteriorates upon taking damage.
Your flesh is heat resistant. (rF+)
You are weak. (Str -2)


Message History

You hit the yak. You completely miss the fungus. You slash the plant!
You slash something! You closely miss the scorpion.
You feel sick.
A nearby plant withers and dies.
A nearby fungus withers and dies.
The wyvern bites the plant.
The wyvern bites the plant!
You block the water moccasin's attack.
The wyvern bites the bush!
The scorpion misses you.
The wyvern bites the plant!
The yak gores the plant!
You hear some strange, mumbled words.
You are confused.
The orc barely misses you.
The orc priest calls down the wrath of Beogh upon you.
Beogh smites you!
Something hits the plant.
A basilisk comes into view.
The yak closely misses you.
The wyvern bites the plant!
The water moccasin bites the plant.
The water moccasin barely misses you.
You are too confused!
You are too confused!
You hit the water moccasin.
The water moccasin is almost dead.
You barely miss the yak. You closely miss something.
You closely miss the scorpion. You slash the yak!
You feel sick.
A nearby plant withers and dies. x2; The wyvern bites the bush!
The scorpion stings you.
The water moccasin bites the plant!
The plant begins to die.
The water moccasin bites you but does no damage.
Something hits you but does no damage. The orc hits you but does no damage.
Something hits the plant.
The yak gores you. The yak gores you! The scorpion barely misses you.
The water moccasin attacks as you move away!
The water moccasin barely misses you.
You feel sick.
A nearby fungus withers and dies.
The water moccasin bites something.
The orc hits the plant with a +0 trident.
Something hits the plant.
The yak gores something!
The water moccasin bites something.
The water moccasin bites you but does no damage.
You are too confused!
Unknown command.
Okay, then.
You are too confused!
Unknown command.
You bump into the tree.
You feel sick.
A nearby plant withers and dies.
The water moccasin bites something.
The water moccasin poisons something!
Something hits you but does no damage.
The orc priest hits you but does no damage.
The water moccasin barely misses you.
You slice the orc priest!!
You kill the orc priest!
Okawaru accepts your kill.
You barely miss the water moccasin. You hit the scorpion.
You completely miss something.
You feel sick.
A nearby plant withers and dies.
The water moccasin bites something.
The water moccasin barely misses you. The scorpion stings you.
* * * LOW HITPOINT WARNING * * *
Something hits you.
* * * LOW HITPOINT WARNING * * *
The wyvern bites you but does no damage.
The water moccasin barely misses you.
You closely miss the yak. Your headbutt misses the yak.
The yak is almost dead.
You hit the scorpion but do no damage. You miss something.
You barely miss the wyvern. You miss the water moccasin.
You feel sick. The scorpion closely misses you.
The wyvern bites you but does no damage.
Something hits you but does no damage. The orc hits you but does no damage.
The yak gores you but does no damage.
The water moccasin bites you but does no damage.
The scorpion stings you.
* * * LOW HITPOINT WARNING * * *
The wyvern bites you.
* * * LOW HITPOINT WARNING * * *
You closely miss the wyvern. You closely miss something.
You hit the water moccasin. You hit the yak.
You kill the yak!
Okawaru accepts your kill.
You hit the scorpion.
You feel less confused.
You feel sick.
You are no longer poisoned.
The water moccasin bites you but does no damage.
Something hits you but does no damage. You block the orc's attack.
You block the wyvern's attack.
The scorpion stings you but does no damage.
The water moccasin bites you but does no damage.
As you read the scroll of fear, it crumbles to dust.
You assume a fearsome visage.
The wyvern looks frightened! x2
The water moccasin looks frightened!
The yak looks frightened!
The scorpion looks frightened!
The yak looks frightened!
The water moccasin looks frightened!
The basilisk looks frightened!
The yak looks frightened!
The orc looks frightened!
Unknown command.
The yak gores the plant!
The plant begins to die.
The wyvern bites you but does no damage.
You are confused.
You feel invigorated. The wyvern barely misses you. x2
Unknown command.
The wyvern bites you!
* * * LOW HITPOINT WARNING * * *
The wyvern bites you!
* * * LOW HITPOINT WARNING * * *
The wyvern bites you.
You die...

#.## . ... <.P...P.. ###.#
.. #...... . #.).#
#.##.....♣.P #.###
....o.♣P..P ##.# #..sP..S...
...# #.......P>P
.#################.........P
.................#.).Y.♣
############....@l..♣.P..P.P
##.....#.†..♣.PP.
#....###........
#........>......
#....#######...P #....# ....
#....# ... ######


You could see a yak and a wyvern.

Vanquished Creatures
  Erica (D:8)
  A two-headed ogre (D:7)
  A deep elf pyromancer (D:8)
  An ugly thing (D:8)
  Sigmund (D:4)
  A yak (D:8)
  Duvessa (D:6)
  An ice beast (D:6)
  A black bear (D:8)
  3 ogres
  2 centaurs (D:8)
  3 phantoms
  2 bullfrogs
  A scorpion (D:6)
  14 wights
  Dowan (D:6)
  5 killer bees (D:7)
  A howler monkey (D:5)
  3 orc priests
  3 jellies (D:5)
  4 hounds
  5 iguanas
  3 orc wizards
  4 adders
  4 gnolls (D:3)
  A shadow imp (D:6)
  2 white imps (D:6)
  An ufetubus (D:3)
  A worm (D:3)
  2 dart slugs
  17 orcs
  5 ball pythons
  8 endoplasms
  5 giant cockroaches
  8 goblins
  9 hobgoblins
  8 jackals
  2 quokkas
  8 bats
  2 frilled lizards (D:1)
  8 kobolds
  4 rats
158 creatures vanquished.

Vanquished Creatures (others)
  7 fungi
  8 plants (D:8)
15 creatures vanquished.

Grand Total: 173 creatures vanquished

Notes
Turn   | Place    | Note
-------+----------+-------------------------------------------
     0 | D:1      | Flugkiller the Minotaur Fighter began the quest for the
                  | Orb.
     0 | D:1      | Reached XP level 1. HP: 19/19 MP: 0/0
   136 | D:1      | Found a faded altar of an unknown god.
   154 | D:1      | Reached XP level 2. HP: 27/27 MP: 1/1
   180 | D:1      | Reached skill level 3 in Axes
   232 | D:1      | Prayed at the altar of an unknown god.
   232 | D:1      | Became a worshipper of Warmaster Okawaru
   232 | D:1      | Reached * piety under Okawaru
   348 | D:1      | Reached XP level 3. HP: 33/33 MP: 2/2
  1192 | D:3      | Reached XP level 4. HP: 33/40 MP: 3/3
  1255 | D:3      | Reached skill level 1 in Invocations
  1423 | D:3      | Reached skill level 4 in Axes
  1520 | D:3      | Reached XP level 5. HP: 37/47 MP: 4/4
  2340 | D:4      | Gained mutation: Your flesh is heat resistant. (rF+)
                  | [potion of mutation]
  2340 | D:4      | Gained mutation: You are weak. (Str -2) [potion of
                  | mutation]
  2340 | D:4      | Gained mutation: Your body sometimes deteriorates upon
                  | taking damage. [potion of mutation]
  2440 | D:4      | Reached ** piety under Okawaru
  2491 | D:4      | Noticed Sigmund
  2517 | D:4      | Killed Sigmund
  2518 | D:4      | Reached skill level 5 in Axes
  2518 | D:4      | Reached XP level 6. HP: 8/55 MP: 6/6
  2763 | D:4      | Found a staircase to the Ecumenical Temple.
  2790 | D:4      | Reached skill level 5 in Fighting
  2790 | D:4      | Reached skill level 5 in Armour
  2790 | D:4      | Reached skill level 5 in Shields
  2916 | D:4      | Reached XP level 7. HP: 61/61 MP: 7/7
  2937 | D:4      | Reached *** piety under Okawaru
  2938 | D:4      | Reached skill level 6 in Axes
  3327 | D:5      | Entered Level 5 of the Dungeon
  3883 | D:5      | Reached XP level 8. HP: 41/70 MP: 9/9
  3884 | D:5      | Reached skill level 7 in Axes
  4259 | D:6      | Reached **** piety under Okawaru
  4468 | D:6      | Identified the +5 dagger of a ziggurat {protect, rElec rF+
                  | rC++ Dex+3}
  4471 | D:6      | Found Noceop's Antique Armour Emporium.
  4525 | D:6      | Reached skill level 8 in Axes
  4861 | D:6      | Noticed Dowan
  4861 | D:6      | Noticed Duvessa
  4871 | D:6      | Killed Dowan
  4875 | D:6      | Killed Duvessa
  5203 | D:7      | Reached XP level 9. HP: 78/78 MP: 11/11
  5547 | D:7      | Noticed a two-headed ogre
  5555 | D:7      | Killed a two-headed ogre
  5556 | D:7      | Reached skill level 9 in Axes
  5556 | D:7      | Reached skill level 1 in Evocations
  6334 | D:8      | Reached skill level 5 in Invocations
  6503 | D:8      | Reached ***** piety under Okawaru
  6513 | D:8      | Noticed a deep elf pyromancer
  6514 | D:8      | Noticed a purple ugly thing
  6522 | D:8      | Killed a purple ugly thing
  6522 | D:8      | Killed a deep elf pyromancer
  6523 | D:8      | Reached skill level 10 in Axes
  6523 | D:8      | Reached XP level 10. HP: 72/88 MP: 9/13
  6743 | D:8      | Noticed Erica
  6785 | D:8      | HP: 6/132 [something (6)]
  6791 | D:8      | Killed Erica
  6791 | D:8      | Identified the +4 scale mail of the Salamander {Rampage
                  | Will- Dex+2} (Okawaru gifted it to you on level 8 of the
                  | Dungeon)
  6791 | D:8      | Received a gift from Okawaru
  7091 | D:8      | Found a staircase to the Lair.
  7108 | D:8      | HP: 2/88 [wyvern (7)]
  7108 | D:8      | Slain by a wyvern

Illustrated notes

Levels and vault maps discovered:
D:1:      scummos_arrival_simple_crosswalls, layout_rooms,
          nicolae_ecumenical_lake_church, minmay_misc_feat_ornament
D:2:      layout_basic, kennysheep_generic_room_7
D:3:      layout_basic, grunt_ministairs_8, minivault_27,
          minmay_misc_feat_pillars, grunt_decor_resistance
D:4:      layout_loops_ring, minmay_temple_entry_enclosed_plants,
          dreamdust_mushroom_princess, minmay_tree_intersection, uniq_sigmund
D:5:      layout_basic
D:6:      layout_cave_pools, serial_shops, shop, uniq_duvessa
D:7:      layout_loops_ring
D:8:      minmay_distorted_concentric_squares, layout_rooms,
          minmay_lair_entry_grove, uniq_erica

Skill      XL: |  1  2  3  4  5  6  7  8  9 10 |
---------------+-------------------------------+-----
Axes           | 3 4 5 6 8 10 | 10.7
Shields        | 4 5 6 7 8 |  8.2
Armour         | 4 5 6 7 8 |  8.1
Fighting       | 4 5 6 7 8 |  8.2
Invocations    | 1 2 3 4 5 |  5.8
Evocations     | 2 3 |  3.0

Action                     |  1- 3 |  4- 6 |  7- 9 | 10-12 || total
---------------------------+-------+-------+-------+-------++-------
  Melee: War axe           |    62 |       |       |       ||    62
         Headbutt          |     5 |    16 |    33 |     3 ||    57
         Broad axe         |    14 |    95 |   175 |    44 ||   328
 Invoke: Heroism           |       |       |     3 |     1 ||     4
         Finesse           |       |       |       |     1 ||     1
    Use: Scroll            |       |     7 |     4 |     1 ||    12
         Potion            |       |     6 |     2 |     4 ||    12
 Armour: Scale mail        |    48 |    50 |    48 |    26 ||   172
         Ring mail         |       |       |    27 |     6 ||    33
         Skin              |       |       |       |    10 ||    10
  Dodge: Dodged            |    64 |    55 |    82 |    24 ||   225
  Block: Buckler           |    14 |    17 |    33 |    10 ||    74
